AoeStats
← Malelf

Arabia

506506851Analyzed
1v1 RM · 19d ago on Sep 13, 2026· 57m 55s· 2 players
Game mode
Random Map
Map size
Tiny (2 player)
Population
200
Speed
Normal
Resources
Standard
Victory
Conquest
Starting age
Dark Age
Ending age
Imperial Age
RankedLock teamsTeams togetherTeam positionsShared explorationLock speedFull tech treeHidden civsTurbo modeCheats
Victory
Defeat
🇮🇹 Mongols · Italy
1686
+19
🇨🇴 Burgundians · Colombia
1761
-19
Parzivall
8:06 Loom
10:45 Feudal Age
12:52 Town Watch
13:07 Fletching
14:49 Double-Bit Axe
14:59 Horse Collar
19:02 Wheelbarrow
22:22 Castle Age
21:53 Bow Saw
21:38 Stone Mining
24:12 Two-Man Saw
24:07 Guard Tower
24:20 Bodkin Arrow
25:38 Scale Barding Armor
31:08 Husbandry
33:22 Hand Cart
33:41 Gold Mining
38:24 Imperial Age
36:24 Pikeman
37:05 Squires
37:05 Scale Mail Armor
37:55 Gold Shaft Mining
38:36 Chain Mail Armor
39:44 Heavy Plow
39:13 Halberdier
40:24 Plate Mail Armor
41:30 Chain Barding Armor
44:47 Plate Barding Armor
44:44 Forging
45:27 Light Cavalry
47:26 Iron Casting
49:12 Blast Furnace
49:36 Bracer
50:36 Padded Archer Armor
50:24 Elite Skirmisher
51:59 Leather Archer Armor
52:16 Ballistics
52:56 Chemistry
53:12 Leather Archer Armor
Malelf
7:48 Loom
10:58 Feudal Age
11:43 Double-Bit Axe
19:44 Castle Age
18:05 Gold Mining
18:25 Fletching
20:39 Horse Collar
22:03 Wheelbarrow
22:02 Bow Saw
27:14 Scale Barding Armor
27:19 Forging
27:44 Heavy Plow
29:16 Bloodlines
30:49 Husbandry
32:04 Iron Casting
32:37 Hand Cart
35:57 Imperial Age
33:27 Stone Mining
34:41 Gold Shaft Mining
34:51 Bodkin Arrow
35:17 Chain Barding Armor
36:14 Heavy Camel Rider
36:59 Bracer
38:20 Siege Engineers
38:46 Ballistics
40:23 Stone Shaft Mining
42:12 Chemistry
41:34 Thumb Ring
41:55 Parthian Tactics
42:20 Conscription
44:00 Padded Archer Armor
47:06 Hoardings
46:45 Masonry
46:52 Leather Archer Armor
46:56 Elite Mangudai
49:10 Blast Furnace
49:18 Murder Holes
49:11 Light Cavalry
50:23 Hussar
Connection lost

Rejoining the realm…

Still unreachable

The connection could not be restored.

Session expired

The server has moved on; the page needs a fresh start.